 Dungeon Crawl Stone Soup version 0.24.0-123-gd5b16e6ec5 (webtiles) character file.

Game seed: 4490207345060883819, levelgen mode: deterministic

2144 Bombadil the Covert (level 9, -10/60 HPs)
             Began as a Vampire Enchanter on Dec 18, 2019.
             Was an Initiate of Gozag.
             Mangled by Harold
             ... wielding a cursed +0 halberd
              (15 damage)
             ... on level 7 of the Dungeon.
             The game lasted 00:14:33 (7419 turns).

Bombadil the Covert (Vampire Enchanter)             Turns: 7419, Time: 00:14:34

Health: -10/60     AC:  5    Str:  7    XL:     9   Next: 9%
Magic:  7/17       EV: 19    Int: 19    God:    Gozag
Gold:   101        SH:  0    Dex: 21    Spells: 6/18 levels left

rFire    + . .     SeeInvis +   E - +3 double sword (elec)
rCold    + + .     Gourm    .   (no shield)
rNeg     . . .     Faith    .   b - +0 robe
rPois    +         Spirit   .   v - +0 helmet
rElec    +         Reflect  .   F - +0 cloak
rCorr    +         Harm     .   j - +0 pair of gloves
MR       .....                  (no boots)
Stlth    ++++++....             B - amulet of regeneration
HPRegen  0.80/turn              q - ring of protection from cold
MPRegen  0.15/turn              (no ring)

@: agile, resistant, marked, berserk cooldown, regenerating quickly, hasted and
slowed
A: no food, fangs 3, see invisible, unbreathing
a: Exsanguinate, Potion Petition, Call Merchant, Bribe Branch, Renounce Religion


You were on level 7 of the Dungeon.
You worshipped Gozag.
Gozag was aware of your devotion.
You were alive.

You visited 2 branches of the dungeon, and saw 8 of its levels.

You collected 1057 gold pieces.
You spent 924 gold pieces at shops.
You paid 32 gold pieces to Gozag.

Inventory:

Hand Weapons
 a - a +1 dagger
 D - a +1 dagger of draining
 E - a +3 double sword of electrocution (weapon)
Missiles
 c - 4 atropa-tipped darts (quivered)
 d - 3 throwing nets
 G - 19 poisoned darts
Armour
 b - a +0 robe (worn)
 j - a +0 pair of gloves (worn)
 v - a +0 helmet (worn)
 F - a +0 cloak (worn)
Jewellery
 q - a ring of protection from cold (left hand)
 B - an amulet of regeneration (around neck)
Wands
 s - a wand of polymorph (16)
 x - a wand of iceblast (9)
 y - a wand of flame (34)
Scrolls
 e - 9 scrolls of identify {unknown}
 g - 2 scrolls of noise {unknown}
 h - 2 scrolls of remove curse {unknown}
 i - 2 scrolls of magic mapping {unknown}
 k - 5 scrolls of teleportation {unknown}
 l - a scroll of enchant armour {unknown}
 z - 2 scrolls of immolation {unknown}
Potions
 f - 3 potions of lignification {unknown}
 m - a potion of heal wounds {unknown}
 n - 2 potions of curing
 o - a potion of brilliance {unknown}
 p - a potion of ambrosia {unknown}
 r - a potion of flight {unknown}
 t - a potion of invisibility {unknown}
 u - a potion of resistance
 w - a potion of berserk rage {unknown}
 A - a potion of haste
 C - a potion of cancellation {unknown}


   Skills:
 + Level 1.6 Fighting
 + Level 3.6(3.7) Short Blades
 + Level 1.1(2.3) Long Blades
 + Level 3.3 Dodging
 + Level 9.8 Stealth
 + Level 5.4 Spellcasting
 + Level 8.7 Hexes
 * Level 4.0 Summonings
 + Level 3.0 Ice Magic


You had 6 spell levels left.
You knew the following spells:

 Your Spells              Type           Power        Failure   Level  Hunger
a - Corona                Hex            #####..      1%          1    N/A
b - Ensorcelled Hibernat  Hex/Ice        ####..       1%          2    N/A
c - Confuse               Hex            #####...     1%          3    N/A
d - Tukima's Dance        Hex            #####...     1%          3    N/A
e - Call Canine Familiar  Summ           ###.....     7%          3    N/A

Your spell library contained the following spells:

 Spells                   Type           Power        Failure   Level  Hunger
 Summon Small Mammal      Summ           ###.         2%          1    N/A
 Summon Guardian Golem    Hex/Summ       ####....     2%          3    N/A
 Call Imp                 Summ           ###.....     3%          2    N/A
 Dazzling Spray           Conj/Hex       ###...       6%          3    N/A
 Summon Ice Beast         Ice/Summ       ###.....     28%         4    N/A
 Summon Lightning Spire   Summ/Air       ##......     45%         4    N/A

Dungeon Overview and Level Annotations

Branches:
Dungeon (7/15)             Temple (1/1) D:6

Altars:
Ashenzari
Fedhas
Gozag
Hepliaklqana
Makhleb
Okawaru
Qazlal
Ru
Sif Muna
Yredelemnul
The Shining One

Shops:
D:5 =   D:6 (

Annotations:
D:3 1 runed translucent door
D:7 Harold


Innate Abilities, Weirdness & Mutations

You do not eat.
Your natural rate of healing is unusually fast.
You have razor-sharp teeth.
You have supernaturally acute eyesight. (SInv)
You can survive without breathing.


Message History

You are no longer berserk.
You are exhausted.
You feel yourself slow down.
The gargoyle hits you with a +1 mace of crushing.
The gargoyle hurls a stone arrow at you.
The stone arrow hits you!
* * * LOW HITPOINT WARNING * * *
Unknown command.
You feel better. Harold misses you.
An orc comes into view. It is wielding a +0 hand axe.
The gargoyle hurls a stone arrow at you.
The stone arrow hits you!!
* * * LOW HITPOINT WARNING * * *
Unknown command.
It was a potion of haste.
You feel yourself speed up.
The gargoyle hurls a stone arrow at you.
The stone arrow misses you.
Harold hits you from afar with a cursed +0 halberd!
You die...
Your body crumbles into a pile of gold.

#.#....<# #.####
........# #.#
....###.# #.# ...
#.# #######.# .
#.# #.......# #.#
#.####### #.# #.#
#(#######.###
#..@9@.##...#####
######o.........#
#♣♣♣♣♣♣♣##.# #$#
♣.# ♣.# ♣.# ..#
.##


You could see Harold, a gargoyle and an orc.

Vanquished Creatures
  Sigmund (D:6)
  A water moccasin (D:6)
  Duvessa (D:6)
  2 orc warriors (D:6)
  A sky beast (D:6)
  A phantom (D:5)
  2 ogres (D:4)
  A big kobold (D:7)
  Blork the orc (D:6)
  A bullfrog (D:6)
  Dowan (D:6)
  A crimson imp (D:6)
  A centaur zombie (D:7)
  2 jellies
  A centaur skeleton (D:4)
  3 iron imps (D:6)
  3 hounds
  An iguana (D:7)
  8 worker ants (D:6)
  A hound skeleton (D:5)
  A howler monkey skeleton (D:4)
  6 adders
  3 gnolls (D:3)
  4 shadow imps
  An ooze (D:2)
  4 worms
  4 dart slugs
  5 leopard geckos
  17 orcs
  5 bats
  5 giant cockroaches
  11 goblins
  3 hobgoblins
  7 jackals
  3 kobolds
  3 quokkas
  2 ball pythons
  2 frilled lizards
  A giant cockroach zombie (D:5)
  6 rats
127 creatures vanquished.

Vanquished Creatures (collateral kills)
  A hippogriff (D:7)
  An orc priest (D:6)
  4 gnolls (D:6)
  3 orcs (D:6)
9 creatures vanquished.

Vanquished Creatures (others)
  5 toadstools (D:1)
5 creatures vanquished.

Grand Total: 141 creatures vanquished

Notes
Turn   | Place    | Note
-------+----------+-------------------------------------------
     0 | D:1      | Bombadil the Vampire Enchanter began the quest for the Orb.
     0 | D:1      | Reached XP level 1. HP: 13/13 MP: 3/3
   216 | D:1      | Reached XP level 2. HP: 19/19 MP: 5/5
   220 | D:1      | Learned a level 2 spell: Ensorcelled Hibernation
   237 | D:1      | Reached skill level 5 in Stealth
   351 | D:1      | Reached skill level 5 in Hexes
   641 | D:2      | Reached XP level 3. HP: 24/24 MP: 0/6
  1022 | D:2      | Found an opulent altar of Gozag.
  1044 | D:2      | Became a worshipper of Gozag Ym Sagoz the Greedy
  1316 | D:2      | Found a shimmering blue altar of Sif Muna.
  1818 | D:2      | Found a hazy altar of Hepliaklqana.
  2444 | D:3      | Found a basalt altar of Yredelemnul.
  2455 | D:3      | Reached XP level 4. HP: 30/30 MP: 4/8
  2465 | D:3      | Learned a level 3 spell: Confuse
  2652 | D:3      | Reached skill level 1 in Ice Magic
  2729 | D:3      | Found a glowing golden altar of the Shining One.
  2729 | D:3      | Found a runed translucent door.
  2729 | D:3      | Noticed an angel
  3348 | D:3      | Reached XP level 5. HP: 28/35 MP: 6/9
  3353 | D:3      | Learned a level 3 spell: Tukima's Dance
  3480 | D:4      | Reached skill level 6 in Stealth
  3683 | D:4      | Noticed an ogre
  3690 | D:4      | Killed an ogre
  3690 | D:4      | Reached XP level 6. HP: 41/41 MP: 10/10
  4211 | D:5      | Entered Level 5 of the Dungeon
  4305 | D:5      | Reached skill level 1 in Fighting
  4305 | D:5      | Reached skill level 7 in Stealth
  4655 | D:5      | Found Udghoqa's Jewellery Emporium.
  4820 | D:5      | Reached XP level 7. HP: 48/48 MP: 12/12
  5048 | D:5      | Found a blossoming altar of Fedhas.
  5127 | D:5      | Bought an uncursed amulet of regeneration for 420 gold
                  | pieces
  5132 | D:5      | Learned a level 3 spell: Call Canine Familiar
  5361 | D:6      | Reached skill level 8 in Stealth
  5361 | D:6      | Reached skill level 1 in Summonings
  5774 | D:6      | Noticed Blork the orc
  5786 | D:6      | Found a shattered altar of Ashenzari.
  5989 | D:6      | Killed Blork the orc
  5989 | D:6      | Reached XP level 8. HP: 54/54 MP: 3/14
  6099 | D:6      | Noticed Dowan
  6100 | D:6      | Noticed Duvessa
  6111 | D:6      | Killed Duvessa
  6119 | D:6      | Killed Dowan
  6285 | D:6      | Found a staircase to the Ecumenical Temple.
  6291 | D:6      | Noticed Sigmund
  6296 | D:6      | Killed Sigmund
  6350 | Temple   | Entered the Ecumenical Temple
  6400 | D:6      | Reached skill level 9 in Stealth
  6400 | D:6      | Reached skill level 5 in Spellcasting
  6521 | D:6      | Found Imuzarot's Antique Weapon Shop.
  6815 | D:6      | Bought a glowing double sword for 504 gold pieces
  6857 | D:6      | Found a burning altar of Makhleb.
  7113 | D:7      | Found a sacrificial altar of Ru.
  7185 | D:7      | Reached XP level 9. HP: 59/59 MP: 15/17
  7202 | D:7      | Noticed a gargoyle
  7241 | D:7      | Reached skill level 1 in Long Blades
  7365 | D:7      | Noticed Harold
  7408 | D:7      | HP: 1/60 [gargoyle/stone arrow (9)]
  7417 | D:7      | HP: 3/60 [gargoyle/stone arrow (21)]
  7419 | D:7      | Mangled by Harold

Levels and vault maps discovered:
D:1:      ldierk_walled_garden, layout_basic, serial_rivers,
          chequers_serial_rivers_large_a, chequers_serial_rivers_marsh,
          chequers_serial_rivers_marsh, chequers_serial_rivers_micro_b,
          hangedman_decor_push, st_stairs_7
D:2:      cheibrodos_helix_gallery, layout_basic, lemuel_doored_altar,
          marbit_many_paths, overflow_temple_1_default, first_ration
D:3:      layout_rooms, old_standard_altar, serial_co_window_serial,
          co_window_of_opportunity_a, co_window_corner_a, co_window_paths_b,
          co_window_paths_a, co_window_paths_b, co_window_of_opportunity_a,
          co_window_of_opportunity_b, co_window_broadway_b,
          co_window_broadway_a, co_window_paths_e, co_window_4corner_a,
          glass_columns_a, glass_columns_b, glass_columns_b, glass_columns_a,
          glass_columns_b, lemuel_angel_altar
D:4:      layout_cave_pools
D:5:      layout_basic, kennysheep_mini, serial_shops, nicolae_shop_stone
D:6:      layout_rooms, demons_altar, temple_fountains, serial_shops,
          nicolae_shop_behind_doors, minmay_misc_feat_more_columns,
          serial_park_tiny_1, zaba_anthole, nicolae_ashenzari_panopticon,
          uniq_duvessa, uniq_sigmund, uniq_blork_the_orc
D:7:      minmay_cornered_nines, layout_basic, good_gods_temple_1,
          kennysheep_mini_moat, uniq_harold
Temple:   hc_temple_tempest_star

Skill      XL: |  1  2  3  4  5  6  7  8  9 |
---------------+----------------------------+-----
Stealth        | 5 6 7 8 9 |  9.8
Hexes          | 5 6 7 8 |  8.7
Ice Magic      | 1 2 3 |  3.0
Short Blades   | 2 3 |  3.6
Spellcasting   | 3 4 5 |  5.4
Fighting       | 1 |  1.6
Summonings     | 1 3 4 |  4.0
Dodging        | 3 |  3.3
Long Blades    | 1 |  1.1

Action                   |  1- 3 |  4- 6 |  7- 9 || total
-------------------------+-------+-------+-------++-------
Melee: Dagger            |    91 |   108 |   113 ||   312
       Bite              |     6 |    11 |    14 ||    31
       Double sword      |       |       |    27 ||    27
 Cast: Ensorcelled Hiber |    30 |    32 |    49 ||   111
       Corona            |     3 |       |       ||     3
       Confuse           |       |     7 |    16 ||    23
       Tukima's Dance    |       |     1 |     1 ||     2
       Call Canine Famil |       |       |    11 ||    11
Invok: Potion Petition   |       |       |     1 ||     1
  Use: Potion            |       |       |     2 ||     2
 Stab: Sleeping          |    27 |    22 |    40 ||    89
       Confused          |       |     6 |     4 ||    10
       Distracted        |       |       |     1 ||     1
Armor: Robe              |    20 |    13 |    13 ||    46
Dodge: Dodged            |   102 |    74 |    89 ||   265
       Rpst.: Double sword |       |       |     6 ||     6
